 Dungeon Crawl Stone Soup version 0.14-a0-3545-g7d9ef9c (webtiles) character file.

284 Psiweapon the Twirler (level 5, 0/30 HPs)
             Began as a Tengu Gladiator on Mar 28, 2014.
             Slain by an orc
             ... wielding a +0,+0 falchion
              (3 damage)
             ... on Level 3 of the Dungeon.
             The game lasted 00:11:44 (2678 turns).

Psiweapon the Twirler (Tengu Gladiator)             Turns: 2678, Time: 00:11:44

HP   0/30        AC  7     Str 15      XL: 5   Next: 41%
MP   7/7         EV 12     Int  8      God:
Gold 124         SH  0     Dex 16      Spells:  0 memorised,  4 levels left

rFire  . . .     SeeInvis .     a - +0 quarterstaff
rCold  . . .     Clarity  .     b - +0 leather armour
rNeg   . . .     Conserve .     (no shield)
rPois  .         rCorr    .     c - +0 hat
rElec  .         rRot     .     (no cloak)
SustAb + .       Spirit   .     (no gloves)
rMut   .         Warding  .     (boots unavailable)
Saprov . . .     Stasis   .     (no amulet)
MR     .....                    y - cursed +4 ring of protection
                                K - ring of sustain abilities {unknown}

@: not resistant to hostile enchantments, unstealthy
A: able to fly, beak, talons 3
a: Fly


You were on level 3 of the Dungeon.
You were not hungry.

You visited 1 branch of the dungeon, and saw 3 of its levels.

You collected 124 gold pieces.

Inventory:

Hand weapons
 a - a +0,+0 quarterstaff (weapon)
 i - a cursed -1,-2 dagger
Missiles
 d - 2 throwing nets (quivered)
 k - 7 javelins of penetration
Armour
 b - a +0 leather armour (worn)
 c - a +0 hat (worn)
Magical devices
 r - a wand of frost (3)
 D - a wand of digging (12) {unknown}
Comestibles
 f - 4 bread rations
 h - 2 sausages
 n - a pear
 q - 9 grapes
 u - 2 meat rations
 x - a rotting chunk of giant cockroach flesh
 B - a rotting chunk of adder flesh
 H - a rambutan
 J - a chunk of rat flesh
Scrolls
 e - 2 scrolls of amnesia {unknown}
 g - 3 scrolls of enchant weapon II {unknown}
 l - a scroll of magic mapping {unknown}
 s - a scroll of recharging {unknown}
 t - a scroll of identify {unknown}
 w - 3 scrolls of random uselessness {unknown}
 z - 2 scrolls of remove curse {unknown}
 A - a scroll of blinking {unknown}
 I - a scroll of teleportation {unknown}
Jewellery
 o - an uncursed ring of see invisible {unknown}
 y - a cursed +4 ring of protection (right hand)
 K - a ring of sustain abilities (left hand) {unknown}
Potions
 j - a potion of flight {unknown}
 m - 2 potions of brilliance {unknown}
 p - 4 potions of curing {unknown}
 v - a potion of restore abilities {unknown}
 E - 2 potions of poison {unknown}
 G - 2 potions of heal wounds {unknown}
 L - a potion of haste {unknown}
Magical staves
 C - an uncursed staff of power


   Skills:
 - Level 2.0 Fighting
 + Level 6.4 Staves
 - Level 2.1 Throwing
 - Level 0.7 Armour
 - Level 3.2 Dodging


You had 4 spell levels left.
You didn't know any spells.

Dungeon Overview and Level Annotations

Branches:
Dungeon (3/15)

Altars:
Vehumet
The Shining One


Innate Abilities, Weirdness & Mutations

You can fly.
You have a beak for a mouth.
You have claws for feet.


Message History

The orc shouts!
An orc priest comes into view. It is wielding a mace.
The orc priest shouts!
The hobgoblin hits you but does no damage.
Found a radiant altar of Vehumet.
You sock the hobgoblin!
You kill the hobgoblin!
An orc wizard comes into view. It is wielding a dagger.
The orc wizard shouts!
The orc wizard mumbles some strange words.
The orc wizard seems to speed up.
A kobold comes into view.
The kobold shouts!
The orc priest calls down the wrath of Beogh upon you.
Something smites you! The orc hits you with a falchion!
The orc priest mumbles some strange prayers to Beogh against you.
Something smites you!
* * * LOW HITPOINT WARNING * * *
The orc hits you with a falchion.
You die...

# ... .#...# ......#
#._.#.# .......# ##
...#.oo##### .######
#...K.......#
...............o@...#
.###### #######.....#
.# #.%...# .#
#!....### .#
##......# .########
#......# ........#
#......# #######.#
#......# # #.#####
#%###..#


You could see an orc priest, an orc wizard, an orc and a kobold.

Vanquished Creatures
  Ijyb (D:2)
  Jessica (D:2)
  An orc zombie (D:3)
  4 adders
  2 giant geckos
  An orc (D:3)
  12 bats
  10 hobgoblins
  6 kobolds
  A quokka (D:2)
  A ball python (D:2)
  8 giant cockroaches
  3 giant newts
  10 goblins
  8 jackals (D:2)
  14 rats
83 creatures vanquished.

Notes
Turn   | Place    | Note
--------------------------------------------------------------
     0 | D:1      | Psiweapon, the Tengu Gladiator, began the quest for the Orb.
     0 | D:1      | Reached XP level 1. HP: 12/12 MP: 1/1
   114 | D:1      | Reached XP level 2. HP: 5/17 MP: 3/3
   450 | D:1      | Reached skill level 4 in Staves
   907 | D:1      | Reached XP level 3. HP: 14/21 MP: 4/4
  1482 | D:2      | Noticed Jessica
  1485 | D:2      | Killed Jessica
  1485 | D:2      | Reached skill level 5 in Staves
  1556 | D:2      | Reached XP level 4. HP: 26/26 MP: 5/5
  1784 | D:2      | Noticed Ijyb
  1797 | D:2      | Killed Ijyb
  1839 | D:2      | Found a glowing golden altar of the Shining One.
  2207 | D:3      | Reached skill level 6 in Staves
  2207 | D:3      | Reached XP level 5. HP: 30/30 MP: 7/7
  2674 | D:3      | Found a radiant altar of Vehumet.
  2678 | D:3      | Slain by an orc

Action                   |  1- 3 |  4- 6 || total
-------------------------+-------+-------++-------
Melee: Quarterstaff      |    69 |   116 ||   185
Throw: Throwing net      |     3 |     1 ||     4
 Stab: Held in net/web   |       |     1 ||     1
